 Dungeon Crawl Stone Soup version 0.26-a0-639-g72c4674329 (webtiles) character file.

Game seed: 15133026414934639039

333 Flugslaktarn the Skirmisher (level 6, -2/57 HPs)
             Began as a Minotaur Fighter on Sept 20, 2020.
             Shot with an arrow by a centaur (4 damage)
             ... on level 5 of the Dungeon.
             The game lasted 00:00:43 (1675 turns).

Flugslaktarn the Skirmisher (Minotaur Fighter)      Turns: 1675, Time: 00:00:43

Health: -2/57      AC:  8    Str: 22    XL:     6   Next: 27%
Magic:  5/5        EV:  7    Int:  5    God:
Gold:   127        SH: 10    Dex: 10    Spells: 5/5 levels left

rFire    . . .     SeeInvis .   a - +0 war axe
rCold    . . .     Faith    .   c - +0 kite shield
rNeg     . . .     Spirit   .   b - +0 scale mail
rPois    .         Reflect  .   (helmet restricted)
rElec    .         Harm     .   h - +0 cloak
rCorr    .         Rampage  .   (no gloves)
MR       .....                  (no boots)
Stlth    ..........             (no amulet)
HPRegen  0.19/turn              (no ring)
MPRegen  0.09/turn              (no ring)

@: no status effects
A: retaliatory headbutt, horns 2
a: no special abilities


You were on level 5 of the Dungeon.
You visited 1 branch of the dungeon, and saw 5 of its levels.

You collected 127 gold pieces.

Inventory:

Hand Weapons
 a - a +0 war axe (weapon)
Armour
 b - a +0 scale mail (worn)
 c - a +0 kite shield (worn)
 h - a +0 cloak (worn)
   (You found it on level 2 of the Dungeon)
Wands
 n - a wand of iceblast (6)
   (You found it on level 4 of the Dungeon)
Scrolls
 f - a scroll of amnesia {unknown}
 g - 2 scrolls of remove curse {unknown}
 i - 3 scrolls of teleportation {unknown}
 j - a scroll of magic mapping {unknown}
 k - 4 scrolls of identify {unknown}
 l - a scroll of enchant weapon {unknown}
Potions
 d - a potion of haste {unknown}
 e - a potion of brilliance {unknown}
 m - a potion of mutation {unknown}


   Skills:
 * Level 5.7 Fighting
 * Level 5.0 Axes
 + Level 4.8 Armour
 + Level 4.7 Shields


You had 5 spell levels left.
You didn't know any spells.
Your spell library was empty.

Dungeon Overview and Level Annotations

Branches:
Dungeon (5/15)
 Temple: D:4-7

Altars:


Innate Abilities, Weirdness & Mutations

You reflexively headbutt those who attack you in melee.
You have a pair of horns on your head.


Message History

The centaur shoots an arrow.
The arrow hits you.
The giant cockroach zombie bites you but does no damage.
You hit the giant cockroach zombie but do no damage.
You headbutt the giant cockroach zombie.
You destroy the giant cockroach zombie!
The centaur shoots an arrow.
The arrow hits you!
* * * LOW HITPOINT WARNING * * *
The centaur shoots an arrow.
The arrow hits you but does no damage.
You are too injured to fight recklessly!
You are too injured to fight recklessly!
There are monsters nearby!
There are monsters nearby!
You are too injured to fight recklessly!
The centaur shoots an arrow.
You block the arrow.
You see here 3 arrows.
The centaur shoots an arrow.
The arrow hits you!
* * * LOW HITPOINT WARNING * * *
You see here an arrow.
The centaur shoots an arrow.
The arrow hits you.
You die...

#.. ... #.# #h#
#.# #.# #.# #
#h# #.#
###.###c#####.#
..........#<..#
......†$#.#.###
.......(((@.#
.......##...#
............#
.......###†.#
....... #..#
#.##### #..# #
#..# #..# #...


You could see a centaur and a jackal.

Vanquished Creatures
  An ice beast (D:5)
  An iguana (D:4)
  An orc priest (D:4)
  Natasha (thrice) (D:4)
  2 worker ants (D:4)
  A hound skeleton (D:4)
  2 adders
  A worm (D:4)
  A dart slug (D:1)
  A leopard gecko (D:1)
  6 orcs
  A bat (D:1)
  2 giant cockroaches (D:4)
  2 hobgoblins
  A jackal (D:5)
  A quokka (D:4)
  A frilled lizard (D:1)
  A giant cockroach zombie (D:5)
  2 rats
31 creatures vanquished.

Notes
Turn   | Place    | Note
-------+----------+-------------------------------------------
     0 | D:1      | Flugslaktarn the Minotaur Fighter began the quest for the
                  | Orb.
     0 | D:1      | Reached XP level 1. HP: 19/19 MP: 0/0
   120 | D:1      | Reached XP level 2. HP: 16/27 MP: 1/1
   394 | D:4      | Reached XP level 3. HP: 27/33 MP: 2/2
   526 | D:4      | HP: 1/34 [orc/+0 mace (3)]
   530 | D:4      | Reached XP level 4. HP: 13/41 MP: 3/3
  1150 | D:4      | Reached skill level 5 in Fighting
  1150 | D:4      | Reached XP level 5. HP: 47/48 MP: 4/4
  1229 | D:4      | Noticed Natasha
  1238 | D:4      | Killed Natasha
  1392 | D:4      | Noticed Natasha
  1399 | D:4      | Killed Natasha
  1402 | D:4      | Noticed Natasha
  1412 | D:4      | Killed Natasha
  1626 | D:5      | Entered Level 5 of the Dungeon
  1632 | D:5      | Noticed an ice beast
  1648 | D:5      | Killed an ice beast
  1648 | D:5      | Reached skill level 5 in Axes
  1648 | D:5      | Reached XP level 6. HP: 44/57 MP: 5/5
  1674 | D:5      | HP: 2/57 [centaur/arrow (13)]
  1675 | D:5      | Shot with an arrow by a centaur

Illustrated notes

Levels and vault maps discovered:
D:1:      minmay_arrival_five_plusses, layout_basic, hex_medium,
          bh_walls_and_bars
D:2:      layout_basic, lemuel_crystal_altar
D:3:      layout_loops_ring, lemuel_crystal_altar, minmay_splitting_lines
D:4:      layout_basic, hangedman_decor_push, chequers_garden, uniq_natasha
D:5:      layout_loops_ring, lemuel_round_altar, serial_bayou_pond_e,
          uniq_sigmund

Skill      XL: |  1  2  3  4  5 |
---------------+----------------+-----
Fighting       | 4 5 |  5.7
Axes           | 3 4 5 |  5.0
Armour         | 4 |  4.8
Shields        | 4 |  4.7

Action                   |  1- 3 |  4- 6 || total
-------------------------+-------+-------++-------
Melee: War axe           |    37 |    56 ||    93
       Headbutt          |     6 |    11 ||    17
  Use: Potion            |     2 |       ||     2
Armor: Scale mail        |    16 |    26 ||    42
Dodge: Dodged            |     7 |    14 ||    21
Block: Kite shield       |    22 |    29 ||    51

Table legend: (Time is in decaauts)
 A = Elapsed time spent in this place.
 B = Non-inter-level travel time spent in this place.
 C = Inter-level travel time spent in this place.
 D = Time resting spent in this place.
 E = Time spent auto-exploring this place.
 F = Levels seen in this place.
 G = Mean time per level.
                   A        B        C        D        E       F      G
               +--------+--------+--------+--------+--------+-----+--------+
         Total |   1709 |   1669 |     40 |      0 |   1439 |   5 |  341.8 |
       Dungeon |   1709 |   1669 |     40 |      0 |   1439 |   5 |  341.8 |
               +--------+--------+--------+--------+--------+-----+--------+

Top non-repeatable levels by time:
     D:4: 1254 daAuts
     D:2: 209 daAuts
     D:1: 136 daAuts
     D:5: 55 daAuts
     D:3: 53 daAuts
